 Dungeon Crawl Stone Soup version 0.18.1-2-ga659475 (webtiles) character file.

2312 Implojin the Fighter (level 9, 0/74 HPs)
             Began as a Mummy Monk on May 8, 2016.
             Slain by a giant frog (4 damage)
             ... on level 8 of the Dungeon.
             The game lasted 00:26:40 (12410 turns).

Implojin the Fighter (Mummy Monk)                  Turns: 12410, Time: 00:26:41

Health: 0/74       AC:  3    Str: 14      XL:     9   Next: 18%
Magic:  9/9        EV: 14    Int: 10      God:
Gold:   344        SH:  3    Dex: 13 (17) Spells: 0 memorised, 8 levels left

rFire  x . .     SeeInvis .       - Unarmed
rCold  + . .     Gourm    .     a - +0 robe
rNeg   + + +     Faith    .     b - +0 buckler {FUCK THE RULES, I'M USING A BUCKLER}
rPois  ∞         Spirit   .     (no helmet)
rElec  .         Dismiss  .     j - +0 cloak
rCorr  .         Reflect  .     (no gloves)
SustAt .         Harm     .     (no boots)
MR     +....                    (no amulet)
Stlth  ++........               (no ring)
                                (no ring)

@: somewhat resistant to hostile enchantments, unstealthy
A: no food or potions, fire vulnerability, cold resistance 1, negative energy
resistance 3, torment resistance, unbreathing
a: no special abilities


You were on level 8 of the Dungeon.
You were not hungry.

You visited 1 branch of the dungeon, and saw 8 of its levels.

You collected 344 gold pieces.

Inventory:

Armour
 a - a +0 robe (worn)
 b - a +0 buckler (worn) {FUCK THE RULES, I'M USING A BUCKLER}
 j - a +0 cloak (worn)
Magical Staves
 c - an uncursed staff of death {unknown}
Jewellery
 m - an uncursed amulet of faith {unknown}
Wands
 h - a wand of confusion (24/48)
Scrolls
 d - 2 scrolls of magic mapping
 e - 3 scrolls of remove curse
 f - a scroll of enchant weapon
 g - a scroll of immolation
 l - a scroll of amnesia
 r - a scroll of identify
Books
 q - a book of Enchantments

   Spells                             Type                      Level
   a - Cause Fear                     Hexes                        4
   b - Yara's Violent Unravelling     Hexes/Transmutation          5
   c - Silence                        Hexes/Air                    5
   d - Deflect Missiles               Charms/Air                   6
   e - Haste                          Charms                       6
   f - Discord                        Hexes                        8
Comestibles
 n - 2 bread rations (quivered)
 o - a royal jelly


   Skills:
 - Level 8.0 Fighting
 - Level 6.0 Dodging
 - Level 1.5 Stealth
 * Level 7.0 Unarmed Combat


You had 8 spell levels left.
You didn't know any spells.

Dungeon Overview and Level Annotations

Branches:
Dungeon (8/15)             Temple (0/1) D:5
   Lair: D:8-11

Altars:
Cheibriados
Gozag
Kikubaaqudgha
Okawaru
Ru
Vehumet
Yredelemnul
Zin

Annotations:
D:3 Natasha
D:4 Marethyu's ghost, amateur OpCj


Innate Abilities, Weirdness & Mutations

You do not eat or drink.
Your flesh is vulnerable to fire.
You are immune to poison.
Your flesh is cold resistant.
You are immune to negative energy.
You are immune to unholy pain and torment.
You can survive without breathing.


Message History

Unknown command.
Read which item? (? for menu, Esc to quit)
As you read the scroll labeled KOICESH TEEQAU, it crumbles to dust.
It is a scroll of amnesia.
You feel forgetful for a moment. The giant frog misses you.
Read which item? (? for menu, Esc to quit)
As you read the scroll labeled WAESCH YCEARYDA, it crumbles to dust.
It is a scroll of recharging.
Charge which item? (? for menu, Esc to quit)
Really abort (and waste the scroll)?
Okay, then.
The giant frog misses you. The giant frog hits you.
* * * LOW HITPOINT WARNING * * *
Read which item? (? for menu, Esc to quit)
As you read the scroll labeled HOXZAE NUADUGH, it crumbles to dust.
The scroll dissolves into smoke.
It was a scroll of fog.
The giant frog barely misses you. The gnoll closely misses you.
Read which item? (? for menu, Esc to quit)
As you read the scroll labeled XOEPLU ITHRO, it crumbles to dust.
Your bandages flutter.
It was a scroll of random uselessness.
The giant frog hits you.
* * * LOW HITPOINT WARNING * * *
The giant frog hits you.
* * * LOW HITPOINT WARNING * * *
You block the gnoll's attack.
Read which item? (? for menu, Esc to quit)
Okay, then.
Unknown command.
Unknown command.
You block the giant frog's attack.
The gnoll hits you from afar with a spear.
* * * LOW HITPOINT WARNING * * *
You climb downwards.
A hippogriff and a crimson imp come into view.
The crimson imp shouts!
The hippogriff screeches!
You hear a shout! x3
Found a stone staircase leading down.
There is a stone staircase leading up here.
Unknown command.
The giant frog hits you.
You die...

... ...
..# ..#
..# ..#
#5#####..#
#....F@..#
#######H##
.# .# ..
#. .# ..


You could see a hippogriff, a giant frog and a crimson imp.

Vanquished Creatures
  A hungry ghost (D:7)
  An ice beast (D:6)
  A sky beast (D:5)
  2 phantoms
  2 centaurs (D:5)
  2 ogres (D:5)
  A giant frog (D:7)
  4 scorpions
  A howler monkey (D:5)
  3 vampire bats (D:2)
  A giant frog zombie (D:7)
  A crimson imp (D:7)
  A centaur skeleton (D:5)
  A hound (D:7)
  4 orc wizards
  A quasit (D:7)
  7 orc priests
  Crazy Yiuf (D:3)
  2 giant frog skeletons
  5 worker ants
  5 iguanas
  A hound skeleton (D:6)
  3 worker ant zombies
  A gnoll (D:7)
  9 adders
  An adder zombie (D:4)
  2 worms
  3 dart slugs
  4 giant geckos
  22 orcs
  9 bats
  A bat skeleton (D:2)
  5 bat zombies (D:2)
  4 giant cockroaches
  5 goblins
  11 hobgoblins
  7 jackals
  8 quokkas
  A ball python (D:2)
  A ball python zombie (D:4)
  2 giant gecko skeletons
  A giant gecko zombie (D:4)
  9 giant newts
  A jackal skeleton (D:5)
  7 kobolds
  A quokka skeleton (D:5)
  8 rats
174 creatures vanquished.

Vanquished Creatures (others)
  An orc (D:3)
1 creature vanquished.

Grand Total: 175 creatures vanquished

Notes
Turn   | Place    | Note
--------------------------------------------------------------
     0 | D:1      | Implojin the Mummy Monk began the quest for the Orb.
     0 | D:1      | Reached XP level 1. HP: 18/18 MP: 1/1
   623 | D:1      | Reached XP level 2. HP: 24/24 MP: 2/2
   945 | D:2      | Reached skill level 4 in Unarmed Combat
   984 | D:2      | Found a snail-covered altar of Cheibriados.
  1387 | D:2      | Reached XP level 3. HP: 25/29 MP: 3/3
  1880 | D:2      | Reached XP level 4. HP: 23/35 MP: 4/4
  2232 | D:2      | Found an ancient bone altar of Kikubaaqudgha.
  2258 | D:2      | Reached skill level 5 in Unarmed Combat
  2567 | D:2      | Reached XP level 5. HP: 36/41 MP: 5/5
  2979 | D:3      | Noticed Natasha
  3337 | D:3      | Reached skill level 6 in Unarmed Combat
  3425 | D:3      | Noticed Crazy Yiuf
  3438 | D:3      | Killed Crazy Yiuf
  3438 | D:3      | Reached XP level 6. HP: 33/47 MP: 6/6
  3677 | D:4      | Found an opulent altar of Gozag.
  4180 | D:3      | Found a radiant altar of Vehumet.
  4488 | D:4      | Reached skill level 4 in Fighting
  4640 | D:4      | Noticed Marethyu's ghost (amateur OpCj)
  4892 | D:4      | Found an iron altar of Okawaru.
  5099 | D:4      | Reached skill level 5 in Fighting
  5337 | D:4      | Found an opulent altar of Gozag.
  5340 | D:4      | Found a sacrificial altar of Ru.
  5387 | D:4      | Reached XP level 7. HP: 35/56 MP: 7/7
  5777 | D:5      | Entered Level 5 of the Dungeon
  5777 | D:5      | Found a staircase to the Ecumenical Temple.
  6443 | D:5      | Found a basalt altar of Yredelemnul.
  6746 | D:5      | Reached skill level 6 in Fighting
  7972 | D:4      | Reached skill level 7 in Unarmed Combat
  8040 | D:4      | Reached skill level 3 in Dodging
  8040 | D:4      | Reached XP level 8. HP: 48/65 MP: 8/8
  8299 | D:5      | Found a glowing silver altar of Zin.
  8753 | D:5      | Reached skill level 4 in Dodging
  9347 | D:5      | Reached skill level 5 in Dodging
 10175 | D:6      | Reached skill level 6 in Dodging
 11558 | D:7      | Reached skill level 7 in Fighting
 11558 | D:7      | Reached XP level 9. HP: 68/72 MP: 9/9
 12356 | D:7      | Reached skill level 8 in Fighting
 12410 | D:8      | Slain by a giant frog

Skill      XL: |  1  2  3  4  5  6  7  8  9 |
---------------+----------------------------+-----
Unarmed Combat | 4 5 6 7 |  7.0
Fighting       | 5 6 7 8 |  8.0
Dodging        | 3 6 |  6.0
Stealth        | |  1.5

Action                   |  1- 3 |  4- 6 |  7- 9 || total
-------------------------+-------+-------+-------++-------
Melee: Unarmed           |   136 |   307 |   474 ||   917
  Use: Scroll            |       |     1 |     7 ||     8
 Stab: Sleeping          |     2 |     9 |     1 ||    12
       Invisible         |       |     1 |       ||     1
Armor: Robe              |     8 |    73 |    53 ||   134
Dodge: Dodged            |    59 |   174 |   246 ||   479
Block: Buckler           |    19 |    39 |    57 ||   115

Table legend:
 A = Turns spent in this place as a percentage of turns spent in the entire game.
 B = Non-inter-level travel turns spent in this place as a percentage of non-inter-level travel turns spent in the entire game.
 C = Inter-level travel turns spent in this place as a percentage of turns spent in this place.
 D = Turns resting spent in this place as a percentage of non-inter-level travel turns spent in this place.
 E = Turns spent auto-exploring this place as a percentage of non-inter-level travel turns spent in this place.
 F = Non-inter-level travel turns spent in this place divided by the number of levels of this place that you've seen.
                   A       B       C       D       E      F
               +-------+-------+-------+-------+-------+----------------------
         Total | 100.0 | 100.0 |   0.4 |   5.1 |   3.6 | 489.9
       Dungeon | 100.0 | 100.0 |   0.4 |   5.1 |   3.6 | 489.9
               +-------+-------+-------+-------+-------+----------------------

Table legend:
 A = Kills in this place as a percentage of kills in entire the game.
 B = Kills by you in this place as a percentage of kills by you in the entire game.
 C = Kills by friends in this place as a percentage of kills by friends in the entire game.
 D = Other kills in this place as a percentage of other kills in the entire game.
 E = Experience gained in this place as a percentage of experience gained in the entire game.
 F = Experience gained in this place divided by the number of levels of this place that you have seen.
                   A       B       C       D       E      F
               +-------+-------+-------+-------+-------+----------------------
         Total | 100.0 | 100.0 |  -nan |  -nan | 100.0 | 412.9
       Dungeon | 100.0 | 100.0 |  -nan |  -nan | 100.0 | 412.9
               +-------+-------+-------+-------+-------+----------------------
